 Dungeon Crawl Stone Soup version 0.28-a0-706-gf6f64a616a (webtiles) character file.

Game seed: 14264415852197665273

14 rogsnak the Digger (level 2, -1/19 HPs)
             Began as a Barachi Earth Elementalist on Oct 25, 2021.
             Slain by a quokka (2 damage)
             ... on level 1 of the Dungeon.
             The game lasted 00:03:45 (949 turns).

rogsnak the Digger (Barachi Earth Elementalist)      Turns: 949, Time: 00:03:45

Health: -1/19      AC:  3    Str:  9    XL:     2   Next: 41%
Magic:  1/5        EV: 11    Int: 21    God:
Gold:   19         SH:  0    Dex: 12    Spells: 4/5 levels left

rFire   . . .      SeeInvis .   h - +2 dagger (elec)
rCold   . . .      Faith    .   (no shield)
rNeg    . . .      Spirit   .   d - +0 leather armour
rPois   .          Reflect  .   (no helmet)
rElec   .          Harm     .   (no cloak)
rCorr   .          Rampage  .   (no gloves)
Will    .....                   (no boots)
Stlth   ++........              (no amulet)
HPRegen 0.06/turn               a - +6 ring of intelligence
MPRegen 0.09/turn               (no ring)

@: unable to hop, slow
A: amphibious, slowness 1, strong legs 1, +LOS
a: Hop


You were on level 1 of the Dungeon.
You visited 1 branch of the dungeon, and saw 1 of its levels.

You collected 19 gold pieces.

Inventory:

Hand Weapons
 f - a +0 dagger
 h - a +2 dagger of electrocution (weapon)
Missiles
 c - 18 stones
Armour
 b - a +0 robe
 d - a +0 leather armour (worn)
Jewellery
 a - a +6 ring of intelligence (left hand)


   Skills:
 + Level 0.3 Fighting
 + Level 2.3 Dodging
 + Level 1.8 Stealth
 + Level 2.3 Spellcasting
 + Level 1.1 Transmutations
 + Level 3.4 Earth Magic


You had 4 spell levels left.
You knew the following spells:

 Your Spells              Type           Power      Damage    Failure   Level
a - Sandblast             Erth           32%        2d9       4%          1

Your spell library contained the following spells:

 Spells                   Type           Power      Damage    Failure   Level
 Passwall                 Tmut/Erth      10%        N/A       12%         2
 Stone Arrow              Conj/Erth      18%        3d8       30%         3
 Petrify                  Tmut/Erth      12%        N/A       61%         4


Dungeon Overview and Level Annotations

Branches:
Dungeon (1/15)

Altars:


Innate Abilities, Weirdness & Mutations

You are amphibious.
You cover ground slowly.
You can hop short distances.
You have an extended range of vision and can be seen from far away.


Message History

Aim: a quokka (71% to hit)
The blast of sand misses the quokka.
The bat barely misses you. The quokka closely misses you. The quokka bites you.
* * * LOW HITPOINT WARNING * * *
Unknown command.
Unknown command.
The bat misses you.
Unknown command.
Unknown command.
The bat hits you but does no damage.
The kobold throws a stone.
The stone hits you but does no damage. The bat hits you but does no damage.
The kobold throws a stone.
The stone hits you but does no damage.
The quokka bites you but does no damage.
Unknown command.
Unknown command.
Unknown command.
The bat barely misses you. x2
Unknown command.
Unknown command.
The bat closely misses you.
Unknown command.
Unknown command.
You aren't carrying any potions.
As you read the scroll labelled ZITACH ZYSMYD, it crumbles to dust.
You feel aware of your surroundings.
It was a scroll of magic mapping.
The bat hits you.
* * * LOW HITPOINT WARNING * * *
The quokka closely misses you.
As you read the scroll labelled ISISIMN SAICEL, it crumbles to dust.
It is a scroll of enchant weapon.
Your +1 dagger of electrocution glows red for a moment.
The bat hits you but does no damage.
The quokka bites you but does no damage.
The quokka closely misses you.
Unknown command.
The bat hits you but does no damage.
Unknown command.
Unknown command.
The quokka bites you.
You die...

####* ***** #._.* *...#**
#####...##### #...,,*****
#......⌠@...# #..#*..,,,,
#.......brK.# #..##B#*,,#
**#........(..###..,($##,.*
#######,............##..#*(.r,.##
.......,..........).+.(.##.#*...,
##*****,............##.....##.#,*
.# *,......###.....†.......#,,
.#####*,......* ######.).....##**
.....##*######* #......## *


You could see a quokka, a bat and a kobold.

Vanquished Creatures
  A giant cockroach (D:1)
  2 goblins (D:1)
  2 hobgoblins (D:1)
  2 kobolds (D:1)
  2 bats (D:1)
  2 frilled lizards (D:1)
  2 rats (D:1)
13 creatures vanquished.

Notes
Turn   | Place    | Note
-------+----------+-------------------------------------------
     0 | D:1      | rogsnak the Barachi Earth Elementalist began the quest for
                  | the Orb.
     0 | D:1      | Reached XP level 1. HP: 13/13 MP: 3/3
   827 | D:1      | Reached XP level 2. HP: 19/19 MP: 3/5
   925 | D:1      | Found a faded altar of an unknown god.
   949 | D:1      | Slain by a quokka

Illustrated notes

Levels and vault maps discovered:
D:1:      saegor_arrival_simple_c, layout_basic,
          ebering_ecumenical_altar_abandoned, minmay_tetromino_o4

Action                   || total
-------------------------++-------
Melee: Unarmed           ||    64
       Dagger            ||    10
 Cast: Sandblast         ||    12
 Abil: Hop               ||     1
  Use: Scroll            ||     2
Armor: Robe              ||    14
       Leather armour    ||    37
Dodge: Dodged            ||    81

Table legend: (Time is in decaauts)
 A = Elapsed time spent in this place.
 B = Non-inter-level travel time spent in this place.
 C = Inter-level travel time spent in this place.
 D = Time resting spent in this place.
 E = Time spent auto-exploring this place.
 F = Levels seen in this place.
 G = Mean time per level.
                   A        B        C        D        E       F      G
               +--------+--------+--------+--------+--------+-----+--------+
         Total |   1012 |   1012 |      0 |    474 |     93 |   1 | 1012.0 |
       Dungeon |   1012 |   1012 |      0 |    474 |     93 |   1 | 1012.0 |
               +--------+--------+--------+--------+--------+-----+--------+

Top non-repeatable levels by time:
     D:1: 1012 daAuts
